 Dungeon Crawl Stone Soup version 0.20-a0-1122-gb7cbeb9 (webtiles) character file.

793 salapander the Skirmisher (level 7, -1/40 HPs)
             Began as a Vine Stalker Fighter on May 13, 2017.
             Slain by a jackal (2 damage)
             ... on level 5 of the Dungeon.
             The game lasted 00:03:15 (3656 turns).

salapander the Skirmisher (Vine Stalker Fighter)    Turns: 3656, Time: 00:03:16

Health: -1/40      AC:  7    Str: 18    XL:     7   Next: 88%
Magic:  0/8        EV:  7    Int:  8    God:
Gold:   244        SH:  9    Dex: 16    Spells: 6/6 levels left

rFire    . . .     SeeInvis .   a - +0 long sword
rCold    . . .     Gourm    .   c - +0 shield
rNeg     . . .     Faith    .   b - +0 scale mail
rPois    +         Spirit   +   i - +0 helmet
rElec    .         Reflect  .   (no cloak)
rCorr    +         Harm     .   (no gloves)
MR       .....                  (no boots)
Stlth    ..........             (no amulet)
Regen    0.6/turn               s - ring of resist corrosion
MPRegen  0.2/turn               r - ring of poison resistance

@: no status effects
A: fangs 2, regeneration 1, magic shield, antimagic bite, no potion heal 3, rot
immunity
a: no special abilities


You were on level 5 of the Dungeon.
You were not hungry.

You visited 1 branch of the dungeon, and saw 5 of its levels.

You collected 244 gold pieces.

Inventory:

Hand Weapons
 a - a +0 long sword (weapon)
Armour
 b - a +0 scale mail (worn)
 c - a +0 shield (worn)
 i - a +0 helmet (worn)
Jewellery
 r - a ring of poison resistance (right hand)
 s - a ring of resist corrosion (left hand)
 t - an uncursed ring of magical power {unknown}
Wands
 x - a wand of flame (21/48)
Scrolls
 d - 4 scrolls of magic mapping {unknown}
 e - a scroll of recharging
 k - 3 scrolls of identify {unknown}
 n - 2 scrolls of enchant armour {unknown}
 o - 2 scrolls of noise {unknown}
 p - 2 scrolls of teleportation {unknown}
 w - a scroll of amnesia {unknown}
Potions
 g - 3 potions of flight
 j - 4 potions of curing
 m - a potion of lignification
 u - a potion of ambrosia {unknown}
Comestibles
 f - 5 bread rations
 h - 6 meat rations
 l - 9 fruits
 q - 4 chunks of flesh
 v - 4 royal jellies


   Skills:
 + Level 6.1 Fighting
 + Level 5.8 Long Blades
 - Level 2.4 Armour
 - Level 2.6 Shields


You had 6 spell levels left.
You didn't know any spells.

Dungeon Overview and Level Annotations

Branches:
Dungeon (5/15)
 Temple: D:4-7

Altars:
Fedhas
Gozag
Makhleb
Vehumet


Innate Abilities, Weirdness & Mutations

You have extremely sharp teeth.
Your natural rate of healing is unusually fast.
When hurt, damage is shared between your health and your magic reserves.
Your bite disrupts and absorbs the magic of your enemies.
Potions cannot restore your health.
You are immune to rotting.


Message History

A jackal comes into view.
The jackal barks!
You hit something but do no damage. You bite something.
The jackal bites you but does no damage.
Something hits you.
* * * LOW HITPOINT WARNING * * *
Something shocks you.
* * * LOW HITPOINT WARNING * * *
You closely miss something.
The jackal bites you but does no damage.
Something hits you.
* * * LOW HITPOINT WARNING * * *
Something shocks you.
* * * LOW HITPOINT WARNING * * *
The jackal bites you but does no damage.
Something hits you but does no damage.
Okay, then.
The jackal bites you but does no damage. x2
You block the jackal's attack. The jackal bites you.
You die...

###### . ..... .#
...## .. ... #.
#.# #.##@#####..
#...hh..<..? .#
##.##.#####.#
#.###......#
#....####..# #...
#..# #...#####..#
###..........###
..................


You could see 2 jackals.

Vanquished Creatures
  The ghost of MydosGodOfBeginnings the Cudgeler, an amateur NaFi (D:4)
  An ice beast (D:5)
  A centaur (D:4)
  2 crimson imps (D:5)
  2 hounds
  An orc priest (D:3)
  3 worker ants (D:5)
  An orc wizard (D:4)
  4 adders
  2 oozes
  3 worms
  3 dart slugs
  2 leopard geckos
  8 orcs
  4 giant cockroaches
  7 goblins
  10 hobgoblins
  5 jackals
  2 quokkas
  A ball python (D:2)
  7 bats
  5 frilled lizards
  9 kobolds
  8 rats
92 creatures vanquished.

Notes
Turn   | Place    | Note
-------+----------+-------------------------------------------
     0 | D:1      | salapander the Vine Stalker Fighter began the quest for the Orb.
     0 | D:1      | Reached XP level 1. HP: 11/11 MP: 2/2
   552 | D:1      | Reached skill level 3 in Fighting
   552 | D:1      | Reached XP level 2. HP: 16/16 MP: 3/3
  1125 | D:2      | Reached XP level 3. HP: 20/20 MP: 4/4
  1241 | D:2      | Found a burning altar of Makhleb.
  1544 | D:2      | Found a blossoming altar of Fedhas.
  2215 | D:3      | Gained mutation: Your natural rate of healing is unusually fast. [Vine Stalker growth]
  2215 | D:3      | Reached XP level 4. HP: 16/24 MP: 5/5
  2354 | D:3      | Found an opulent altar of Gozag.
  2581 | D:3      | Reached skill level 4 in Fighting
  2581 | D:3      | Reached XP level 5. HP: 10/29 MP: 3/6
  3083 | D:4      | Noticed MydosGodOfBeginnings's ghost (amateur NaFi)
  3110 | D:4      | Killed MydosGodOfBeginnings's ghost
  3110 | D:4      | Reached skill level 5 in Fighting
  3110 | D:4      | Reached XP level 6. HP: 35/35 MP: 4/7
  3110 | D:4      | Reached XP level 7. HP: 39/39 MP: 4/8
  3228 | D:4      | Reached skill level 5 in Long Blades
  3427 | D:5      | Entered Level 5 of the Dungeon
  3512 | D:5      | Found a radiant altar of Vehumet.
  3599 | D:5      | Reached skill level 6 in Fighting
  3655 | D:5      | HP: 1/40 [something (4)]
  3656 | D:5      | Slain by a jackal

Vault maps used:
D:1:      dpeg_arrival_simpleton_c
D:2:      nicolae_overflow_crystal_walls, st_stairs_5,
          corexii_item_surrounded_by_moat, fedhas_altar_fruit_tree
D:3:      corexii_shack_village, grunt_gozag_statues
D:4:      first_bread
D:5:      vehumet_altar_wand_db, gammafunk_temple_overflow_statue

Skill      XL: |  1  2  3  4  5  6  7 |
---------------+----------------------+-----
Long Blades    | 2 3 4 5 |  5.8
Fighting       | 3 4 5 6 |  6.1
Armour         | |  2.4
Shields        | |  2.6

Action                   |  1- 3 |  4- 6 |  7- 9 || total
-------------------------+-------+-------+-------++-------
Melee: Long sword        |   101 |   138 |    76 ||   315
       Bite              |    28 |    49 |    32 ||   109
       Unarmed           |       |    21 |       ||    21
  Use: Scroll            |     1 |       |       ||     1
       Potion            |       |     7 |       ||     7
  Eat: Chunk             |     4 |     3 |     2 ||     9
Armor: Scale mail        |    35 |    59 |    40 ||   134
       Skin              |       |    11 |       ||    11
Dodge: Dodged            |    27 |    52 |    27 ||   106
Block: Shield            |    57 |    75 |    38 ||   170
       Rpst.: Long sword |     7 |    15 |    10 ||    32
